 Dungeon Crawl Stone Soup version 0.29-a0-925-g0a7a3d12f8 (webtiles) character file.

Game seed: 13244456629430982812

640 Gwenloh the Firebug (level 7, -8/50 HPs)
             Began as a Hill Orc Fire Elementalist on July 28, 2022.
             Was an Initiate of Hepliaklqana.
             Mangled by an iguana (13 damage)
             ... on level 5 of the Dungeon on July 29, 2022.
             The game lasted 00:17:20 (5707 turns).

Gwenloh the Firebug (Hill Orc Fire Elementalist)    Turns: 5707, Time: 00:17:20

Health: -8/50      AC:  3    Str: 11    XL:     7   Next: 51%
Magic:  0/11       EV: 12    Int: 17    God:    Hepliaklqana [......]
Gold:   216        SH:  0    Dex: 11    Spells: 9/12 levels left

rFire   . . .      SeeInvis .   e - +2 dagger (freeze)
rCold   . . .      Faith    .   (no shield)
rNeg    . . .      Spirit   .   a - +0 robe
rPois   .          Reflect  .   (no helmet)
rElec   .          Harm     .   j - +0 cloak
rCorr   .          Rampage  .   (no gloves)
Will    .....                   (no boots)
Stlth   ++........              (no amulet)
HPRegen 0.16/turn               (no ring)
MPRegen 0.12/turn               (no ring)

@: no status effects
A: no striking features
a: Renounce Religion


You were on level 5 of the Dungeon.
You worshipped Hepliaklqana.
Hepliaklqana was noncommittal.
You visited 2 branches of the dungeon, and saw 6 of its levels.
You also visited: Ossuary.

You collected 216 gold pieces.

Inventory:

Hand Weapons
 c - a +0 dagger
 e - a +2 dagger of freezing (weapon)
Armour
 a - a +0 robe (worn)
 j - a +0 cloak (worn)
Wands
 p - a wand of roots (8)
 v - a wand of quicksilver (6)
Scrolls
 d - a scroll of magic mapping
 g - 2 scrolls of butterflies {unknown}
 h - a scroll of acquirement {unknown}
 l - a scroll of silence {unknown}
 m - a scroll of blinking {unknown}
 n - 2 scrolls of noise
 o - 2 scrolls of immolation
 q - a scroll of amnesia {unknown}
 r - a scroll of enchant weapon {unknown}
 u - a scroll of torment {unknown}
 y - a scroll of summoning {unknown}
Potions
 b - a potion of magic
 f - 2 potions of degeneration {unknown}
 i - a potion of attraction {unknown}
 k - 2 potions of curing
 s - 2 potions of flight
 t - a potion of brilliance {unknown}
 w - a potion of haste {unknown}
 x - a potion of berserk rage {unknown}


   Skills:
 * Level 3.3 Dodging
 * Level 3.6 Stealth
 * Level 3.1 Spellcasting
 + Level 2.7 Conjurations
 * Level 5.2 Fire Magic


You had 9 spell levels left.
You knew the following spells:

 Your Spells              Type           Power      Damage    Failure   Level
a - Foxfire               Conj/Fire      64%        2x1d7     3%          1
b - Scorch                Fire           40%        2d7       3%          2

Your spell library contained the following spells:

 Spells                   Type           Power      Damage    Failure   Level
 Magic Dart               Conj           44%        1d5       5%          1
 Conjure Flame            Conj/Fire      16%        6-21      10%         3
 Inner Flame              Hex/Fire       11%        N/A       17%         3
 Call Imp                 Summ           2%         N/A       26%         2
 Flame Wave               Conj/Fire      16%        2d7       32%         4
 Mephitic Cloud           Conj/Pois/Air  5%         N/A       34%         3


Dungeon Overview and Level Annotations

Branches:
Dungeon (5/15)             Temple (1/1) D:4         Ossuary (visited)

Altars:
Cheibriados
Elyvilon
Fedhas
Gozag
Hepliaklqana
Kikubaaqudgha
Makhleb
Nemelex Xobeh
Okawaru
Qazlal
Ru
Sif Muna
Trog
Uskayaw
Vehumet
Wu Jian
Xom
Yredelemnul
Zin
The Shining One

Shops:
D:4 *


Message History

The iguana is severely wounded.
The iguana barely misses you.
You closely miss the iguana.
The iguana is severely wounded.
The iguana barely misses you.
Casting: Scorch (safe; 3% risk of failure)
Confirm with . or Enter, or press ? or * to list all spells.
You conjure some foxfire!
The iguana is no longer moving slowly.
The foxfire hits the iguana but does no damage.
The iguana is severely wounded.
The foxfire hits the iguana but does no damage.
The iguana is severely wounded.
The iguana bites you.
Casting: Foxfire (safe; 3% risk of failure)
Confirm with . or Enter, or press ? or * to list all spells.
You conjure some foxfire!
The iguana bites you!
The foxfire hits the iguana but does no damage.
The iguana is severely wounded.
The foxfire hits the iguana but does no damage.
The iguana is severely wounded.
The iguana bites you!
Your magical contamination has completely faded away.
The iguana attacks as you move away! The iguana bites you.
* * * LOW HITPOINT WARNING * * *
The iguana attacks as you move away! The iguana bites you!
* * * LOW HITPOINT WARNING * * *
Casting: Foxfire (safe; 3% risk of failure)
Confirm with . or Enter, or press ? or * to list all spells.
You conjure some foxfire!
The iguana misses you.
The foxfire hits the iguana.
The iguana is almost dead.
The foxfire hits the iguana but does no damage.
The iguana is almost dead.
The iguana misses you.
Casting: Foxfire (safe; 3% risk of failure)
Confirm with . or Enter, or press ? or * to list all spells.
You don't have enough magic to cast this spell.
The iguana attacks as you move away! The iguana barely misses you.
The iguana attacks as you move away! The iguana bites you!
You die...

#.#.####..
##.#.......
........ #.)...
#...# #...#
#...#####.
#.l.....!.
#.@.....##
#...#######
#...##⌠___##
##...##.....#
####....###..###
#....#..#......#
#.##...####..###
#.###.###_.....#
#.# #.# ###..###


You could see an iguana.

Vanquished Creatures
  Menkaure (D:5)
  An ogre (D:4)
  A necrophage (D:5)
  3 scorpions (D:4)
  A jelly (D:3)
  A gnoll bouda (D:4)
  A mummy (D:4)
  5 gnolls
  An adder (D:3)
  A shadow imp (D:5)
  3 dart slugs
  8 endoplasms
  2 giant cockroaches
  7 goblins
  5 hobgoblins
  5 jackals
  A quokka (D:1)
  7 ball pythons
  4 bats
  A hobgoblin zombie (Ossuary)
  6 kobolds
  4 rats
69 creatures vanquished.

Vanquished Creatures (others)
  166 foxfires
  3 plants (D:3)
169 creatures vanquished.

Grand Total: 238 creatures vanquished

Notes
Turn   | Place    | Note
-------+----------+-------------------------------------------
     0 | D:1      | Gwenloh the Hill Orc Fire Elementalist began the quest for
                  | the Orb.
     0 | D:1      | Reached XP level 1. HP: 14/14 MP: 3/3
   301 | D:1      | Reached XP level 2. HP: 20/20 MP: 1/4
   668 | D:1      | Learned a level 2 spell: Scorch
  1020 | D:1      | Reached XP level 3. HP: 26/26 MP: 2/5
  1514 | D:2      | Found a faded altar of an unknown god.
  2478 | D:3      | Reached XP level 4. HP: 33/33 MP: 2/7
  2849 | D:3      | Reached skill level 4 in Fire Magic
  3005 | D:4      | Found a glowing silver altar of Zin.
  3005 | D:4      | Found Zin's Purification Station.
  3099 | D:4      | Found a sand-covered staircase.
  3104 | Ossuary  | Entered an ossuary
  3335 | D:4      | Found a staircase to the Ecumenical Temple.
  3340 | Temple   | Entered the Ecumenical Temple
  3347 | D:4      | Noticed an ogre
  3355 | D:4      | Killed an ogre
  3356 | D:4      | Reached XP level 5. HP: 38/38 MP: 2/8
  3496 | D:4      | Reached XP level 6. HP: 21/45 MP: 1/9
  4837 | D:5      | Entered Level 5 of the Dungeon
  4915 | D:5      | Noticed Menkaure
  5061 | D:5      | Killed Menkaure
  5062 | D:5      | Reached skill level 5 in Fire Magic
  5062 | D:5      | Reached XP level 7. HP: 17/50 MP: 2/11
  5080 | D:4      | HP: 2/50 [poisoned by a scorpion]
  5613 | D:5      | Found a basalt altar of Yredelemnul.
  5616 | D:5      | Found a radiant altar of Vehumet.
  5617 | D:5      | Found a snail-covered altar of Cheibriados.
  5618 | D:5      | Found a sparkling altar of Nemelex Xobeh.
  5618 | D:5      | Found a hazy altar of Hepliaklqana.
  5618 | D:5      | Found a shimmering altar of Xom.
  5621 | D:5      | Found a burning altar of Makhleb.
  5636 | D:5      | Became a worshipper of Hepliaklqana the Forgotten
  5707 | D:5      | Mangled by an iguana

Illustrated notes

Levels and vault maps discovered:
D:1:      minmay_arrival_radiant_lines, layout_basic, minmay_misc_feat_tiny
D:2:      layout_loops_ring, ebering_ecumenical_altar_ruins,
          minmay_misc_feat_pillars
D:3:      cheibrodos_old_hovel, layout_basic, minmay_box_of_dots
D:4:      layout_basic, zin_purify, minmay_temple_entry_arrows, enter_ossuary_2,
          grunt_tough_drop
D:5:      layout_loops_ring, minitemple, grunt_decor_arrowhead, uniq_menkaure,
          uniq_blork_the_orc
Temple:   nicolae_temple_no_exploring_needed

Skill      XL: |  1  2  3  4  5  6 |
---------------+-------------------+-----
Stealth        | 2 3 |  3.6
Dodging        | 2 3 |  3.3
Spellcasting   | 2 3 |  3.1
Fire Magic     | 4 5 |  5.2
Conjurations   | 2 |  2.7

Action                   |  1- 3 |  4- 6 |  7- 9 || total
-------------------------+-------+-------+-------++-------
Melee: Dagger            |    27 |     6 |     7 ||    40
       Punch             |     1 |       |       ||     1
 Cast: Foxfire           |    44 |    42 |    10 ||    96
       Scorch            |     4 |    25 |    12 ||    41
  Use: Scroll            |       |     3 |       ||     3
       Potion            |       |       |     3 ||     3
Armor: Robe              |     7 |    10 |     1 ||    18
Dodge: Dodged            |    26 |    27 |    20 ||    73

Table legend: (Time is in decaauts)
 A = Elapsed time spent in this place.
 B = Non-inter-level travel time spent in this place.
 C = Inter-level travel time spent in this place.
 D = Time resting spent in this place.
 E = Time spent auto-exploring this place.
 F = Levels seen in this place.
 G = Mean time per level.
                   A        B        C        D        E       F      G
               +--------+--------+--------+--------+--------+-----+--------+
         Total |   5708 |   5477 |    231 |    911 |   3786 |   7 |  815.4 |
       Dungeon |   5678 |   5447 |    231 |    911 |   3786 |   5 | 1135.6 |
        Temple |      1 |      1 |      0 |      0 |      0 |   1 |    1.0 |
       Ossuary |     27 |     27 |      0 |      0 |      0 |   1 |   27.0 |
               +--------+--------+--------+--------+--------+-----+--------+

Top non-repeatable levels by time:
     D:4: 2119 daAuts
     D:1: 1240 daAuts
     D:3: 1187 daAuts
     D:2: 784 daAuts
     D:5: 346 daAuts
 Ossuary: 27 daAuts
  Temple: 1 daAuts
